 Dungeon Crawl Stone Soup version 0.22-a0-322-g60b3cfd (webtiles) character file.

2358 xccam the Protected (level 9, -8/68 HPs)
             Began as a Gnoll Wanderer on Apr 4, 2018.
             Was an Initiate of Cheibriados.
             Shot with a bolt by an orc warrior (16 damage)
             ... in a bailey.
             The game lasted 00:16:36 (6324 turns).

xccam the Protected (Gnoll Wanderer)                Turns: 6324, Time: 00:16:37

Health: -8/68      AC: 15    Str: 19    XL:     9   Next: 44%
Magic:  16/16      EV: 10    Int: 14    God:    Cheibriados [......]
Gold:   354        SH: 10    Dex: 17    Spells: 18/18 levels left

rFire    . . .     SeeInvis .   h - +4 spear
rCold    . . .     Gourm    .   s - +0 shield
rNeg     . . .     Faith    .   a - +3 scale mail
rPois    .         Spirit   .   q - +2 helmet
rElec    .         Reflect  .   (no cloak)
rCorr    +         Harm     .   (no gloves)
MR       .....                  (no boots)
Stlth    ++........             (no amulet)
HPRegen  0.21/turn              u - ring of resist corrosion
MPRegen  0.15/turn              (no ring)

@: very slow
A: distributed training, fangs 1, strong nose
a: Bend Time, Renounce Religion


You were in a bailey.
You worshipped Cheibriados.
Cheibriados was noncommittal.
You were not hungry.

You visited 2 branches of the dungeon, and saw 8 of its levels.
You also visited: Bailey.

You collected 408 gold pieces.
You spent 54 gold pieces at shops.

Inventory:

Hand Weapons
 g - a +0 long sword
 h - a +4 spear (weapon)
 k - a +0 mace
 z - a +2 whip of electrocution
Missiles
 b - 184 stones (quivered)
 o - 2 javelins
Armour
 a - a +3 scale mail (worn)
 q - a +2 helmet (worn)
 s - a +0 shield (worn)
Jewellery
 u - a ring of resist corrosion (left hand)
Wands
 r - a wand of enslavement (13)
 y - a wand of disintegration (9)
Scrolls
 c - 4 scrolls of teleportation
 d - 4 scrolls of identify
 e - a scroll of remove curse
 i - a scroll of magic mapping
 j - a scroll of amnesia
 t - a scroll of immolation {unknown}
 w - a scroll of blinking {unknown}
Potions
 l - 3 potions of lignification
 m - a potion of curing
 n - a potion of haste {unknown}
 p - a potion of mutation {unknown}
 v - a potion of heal wounds {unknown}
 x - a potion of resistance {unknown}
Comestibles
 f - 14 rations


   Skills:
 + Level 5.0 Fighting
 + Level 4.1 Short Blades
 + Level 4.1 Long Blades
 + Level 4.1 Axes
 + Level 4.1 Maces & Flails
 + Level 4.1 Polearms
 + Level 4.1 Staves
 + Level 4.1 Slings
 + Level 4.1 Bows
 + Level 4.1 Crossbows
 + Level 5.0 Throwing
 + Level 9.5 Armour
 + Level 4.1 Dodging
 + Level 4.8 Stealth
 + Level 4.1 Shields
 + Level 4.1 Unarmed Combat
 + Level 5.1 Spellcasting
 + Level 3.4 Conjurations
 + Level 3.4 Hexes
 + Level 3.4 Charms
 + Level 3.4 Summonings
 + Level 3.4 Necromancy
 + Level 4.1 Translocations
 + Level 3.4 Transmutations
 + Level 4.1 Fire Magic
 + Level 3.4 Ice Magic
 + Level 3.4 Air Magic
 + Level 3.4 Earth Magic
 + Level 3.4 Poison Magic
 + Level 4.6 Invocations
 + Level 4.1 Evocations


You had 18 spell levels left.
You didn't know any spells.

Dungeon Overview and Level Annotations

Branches:
Dungeon (7/15)             Temple (1/1) D:6

Altars:
Cheibriados
Dithmenos
Elyvilon
Fedhas
Gozag
Hepliaklqana
Makhleb
Qazlal
Ru
Sif Muna
Uskayaw
Vehumet
Wu Jian
Xom
Yredelemnul
Zin
The Shining One

Shops:
D:5 [:}


Innate Abilities, Weirdness & Mutations

Your experience applies equally to all skills.
You have very sharp teeth.
Your uncanny sense of smell can sniff out nearby items.


Message History

The orc warrior shoots a bolt.
You block the bolt.
The orc shoots a bolt.
You block the bolt.
You see here 2 bolts.
The orc warrior shoots a bolt.
The bolt barely misses you.
There is an empty arch of ancient stone here.
The orc warrior shoots a bolt.
The bolt hits you but does no damage.
You see here a bolt.
The orc warrior shoots a bolt.
You block the bolt.
You see here a bolt.
The orc warrior shoots a bolt.
The bolt hits you but does no damage.
You see here a bolt.
The orc warrior shoots a bolt.
The bolt closely misses you.
You see here a bolt.
The orc warrior shoots a bolt.
The bolt hits you but does no damage.
You see here a bolt.
The orc warrior shoots a bolt.
The bolt hits you!!
* * * LOW HITPOINT WARNING * * *
You see here a bolt.
You feel better.
The orc warrior shoots a bolt.
The bolt hits you!
You die...

###########
#∩.(.......
#(∩(.......
#(......%..
#....o....%
#(.%.......
#(....%....
#(@....≈≈≈≈
#.(....≈≈#o
#......≈##
#......≈..
#......≈##
#......≈≈#
#......≈≈≈
#......≈≈≈
#......≈≈≈


You could see an orc warrior.

Vanquished Creatures
  Pikel (D:7)
  A centaur skeleton (D:6)
  The ghost of grindst0ne the Covert, an amateur OpAs (D:3)
  An orc warrior (Bailey)
  A sky beast (D:5)
  3 centaurs
  A gnoll sergeant (D:4)
  2 scorpions
  4 crimson imps
  4 hounds
  A gnoll shaman (D:4)
  A jelly (D:6)
  2 iguanas (D:4)
  5 worker ants
  An orc wizard (D:3)
  A hound skeleton (D:7)
  10 adders
  12 gnolls
  5 shadow imps
  2 oozes
  4 worms
  2 dart slugs (D:1)
  3 leopard geckos
  5 orcs
  3 ball pythons
  4 giant cockroaches
  6 goblins
  11 hobgoblins
  12 jackals
  11 kobolds
  A quokka (D:3)
  A ball python skeleton (D:4)
  12 bats
  4 frilled lizards
  2 jackal skeletons
  A quokka zombie (D:7)
  11 rats
152 creatures vanquished.

Vanquished Creatures (others)
  A slave (D:7)
  A water moccasin (D:7)
  A crimson imp (D:7)
  An adder zombie (D:7)
  A giant cockroach (D:7)
  4 goblins (D:7)
9 creatures vanquished.

Grand Total: 161 creatures vanquished

Notes
Turn   | Place    | Note
-------+----------+-------------------------------------------
     0 | D:1      | xccam the Gnoll Wanderer began the quest for the Orb.
     0 | D:1      | xccam set off with: a +2 scale mail, a +0 club, a ration
     0 | D:1      | Reached XP level 1. HP: 17/17 MP: 4/4
   263 | D:1      | Reached XP level 2. HP: 19/23 MP: 5/5
   581 | D:1      | Reached XP level 3. HP: 28/28 MP: 7/7
   931 | D:2      | Reached skill level 1 in Invocations
  1189 | D:2      | Reached skill level 1 in Short Blades
  1189 | D:2      | Reached skill level 1 in Long Blades
  1189 | D:2      | Reached skill level 1 in Axes
  1189 | D:2      | Reached skill level 1 in Maces & Flails
  1189 | D:2      | Reached skill level 1 in Polearms
  1189 | D:2      | Reached skill level 1 in Staves
  1189 | D:2      | Reached skill level 1 in Slings
  1189 | D:2      | Reached skill level 1 in Bows
  1189 | D:2      | Reached skill level 1 in Crossbows
  1189 | D:2      | Reached skill level 1 in Dodging
  1189 | D:2      | Reached skill level 1 in Shields
  1189 | D:2      | Reached skill level 1 in Unarmed Combat
  1189 | D:2      | Reached skill level 1 in Evocations
  1189 | D:2      | Reached XP level 4. HP: 26/34 MP: 8/8
  1433 | D:2      | Noticed a centaur
  1458 | D:2      | Killed a centaur
  1458 | D:2      | Reached skill level 1 in Conjurations
  1458 | D:2      | Reached skill level 1 in Hexes
  1458 | D:2      | Reached skill level 1 in Charms
  1458 | D:2      | Reached skill level 1 in Summonings
  1458 | D:2      | Reached skill level 1 in Necromancy
  1458 | D:2      | Reached skill level 1 in Transmutations
  1458 | D:2      | Reached skill level 1 in Ice Magic
  1458 | D:2      | Reached skill level 1 in Air Magic
  1458 | D:2      | Reached skill level 1 in Earth Magic
  1458 | D:2      | Reached skill level 1 in Poison Magic
  1458 | D:2      | Reached XP level 5. HP: 8/40 MP: 9/9
  1816 | D:2      | Found a blossoming altar of Fedhas.
  2060 | D:2      | Reached XP level 6. HP: 47/47 MP: 10/10
  2265 | D:3      | Found a glowing golden altar of the Shining One.
  2635 | D:3      | Found a deep blue altar of Sif Muna.
  2635 | D:3      | Found an ornate altar of the Wu Jian Council.
  2635 | D:3      | Found a shadowy altar of Dithmenos.
  3023 | D:3      | Noticed grindst0ne's ghost (amateur OpAs)
  3051 | D:3      | Killed grindst0ne's ghost
  3051 | D:3      | Reached XP level 7. HP: 36/52 MP: 12/12
  3144 | D:3      | Found a stormy altar of Qazlal.
  3815 | D:4      | Reached skill level 9 in Armour
  4063 | D:4      | Reached XP level 8. HP: 22/60 MP: 14/14
  4418 | D:5      | Entered Level 5 of the Dungeon
  4447 | D:5      | Found Iniseh's Armour Shoppe.
  4461 | D:5      | Bought a +0 shield for 54 gold pieces
  4478 | D:5      | Found Jauqiupn's Book Shoppe.
  4495 | D:5      | Found Demimud's Gadget Emporium.
  5411 | D:6      | Found an opulent altar of Gozag.
  5423 | D:6      | Found a staircase to the Ecumenical Temple.
  5444 | Temple   | Entered the Ecumenical Temple
  5448 | Temple   | Became a worshipper of Cheibriados the Contemplative
  5491 | D:6      | Found a basalt altar of Yredelemnul.
  5784 | D:6      | Reached XP level 9. HP: 56/66 MP: 14/16
  5899 | D:6      | Found a burning altar of Makhleb.
  5899 | D:6      | Noticed a cacodemon
  5902 | D:6      | Noticed a smoke demon
  6043 | D:7      | Noticed Pikel
  6074 | D:7      | Killed Pikel
  6074 | D:7      | Reached skill level 5 in Spellcasting
  6097 | D:7      | Found a flagged portal.
  6280 | Bailey   | Entered a bailey
  6301 | Bailey   | Reached skill level 5 in Fighting
  6301 | Bailey   | Reached skill level 5 in Throwing
  6323 | Bailey   | HP: 3/68 [orc warrior/bolt (22)]
  6324 | Bailey   | Shot with a bolt by an orc warrior

Vault maps used:
D:1:      minmay_arrival_shattered_statue, minmay_rat_gold_closets
D:2:      first_ration, fedhas_altar_2
D:3:      minmay_door_path, overflow_temple_1_default,
          gammafunk_temple_overflow_forgotten, lemuel_crystal_altar,
          interstate_on_off
D:4:      lightli_minifort
D:5:      serial_shops, nicolae_shop_window_shopping, shop,
          kennysheep_little_box
D:6:      overflow_temple_1_default, makhleb_altar_promises_db,
          yredelemnul_altar_generic, minmay_temple_entry_purple_smoke
D:7:      enter_bailey_3, basic_altar, uniq_pikel
Temple:   nicolae_temple_x_marks_the_god
Bailey:   bailey_polearm_2, bailey

Skill      XL: |  1  2  3  4  5  6  7  8  9 |
---------------+----------------------------+-----
Translocations | 2 3 4 |  4.1
Fire Magic     | 2 3 4 |  4.1
Invocations    | 1 2 3 4 |  4.6
Short Blades   | 1 2 3 4 |  4.1
Long Blades    | 1 2 3 4 |  4.1
Axes           | 1 2 3 4 |  4.1
Maces & Flails | 1 2 3 4 |  4.1
Polearms       | 1 2 3 4 |  4.1
Staves         | 1 2 3 4 |  4.1
Slings         | 1 2 3 4 |  4.1
Bows           | 1 2 3 4 |  4.1
Crossbows      | 1 2 3 4 |  4.1
Dodging        | 1 2 3 4 |  4.1
Shields        | 1 2 3 4 |  4.1
Unarmed Combat | 1 2 3 4 |  4.1
Evocations     | 1 2 3 4 |  4.1
Spellcasting   | 3 4 5 |  5.1
Conjurations   | 1 2 3 |  3.4
Hexes          | 1 2 3 |  3.4
Charms         | 1 2 3 |  3.4
Summonings     | 1 2 3 |  3.4
Necromancy     | 1 2 3 |  3.4
Transmutations | 1 2 3 |  3.4
Ice Magic      | 1 2 3 |  3.4
Air Magic      | 1 2 3 |  3.4
Earth Magic    | 1 2 3 |  3.4
Poison Magic   | 1 2 3 |  3.4
Fighting       | 3 4 5 |  5.0
Throwing       | 3 4 5 |  5.0
Stealth        | 3 4 |  4.8
Armour         | 9 |  9.5

Action                   |  1- 3 |  4- 6 |  7- 9 || total
-------------------------+-------+-------+-------++-------
Melee: Club              |   104 |       |       ||   104
       Bite              |    23 |    35 |    52 ||   110
       Mace              |    39 |   231 |       ||   270
       Punch             |       |     4 |     1 ||     5
       Spear             |       |    93 |   404 ||   497
Throw: Stone             |    12 |    24 |    39 ||    75
       Javelin           |       |     3 |       ||     3
Evoke: Wand              |       |       |     2 ||     2
  Use: Potion            |       |     2 |     2 ||     4
       Scroll            |       |       |     9 ||     9
 Stab: Sleeping          |       |     1 |       ||     1
  Eat: Chunk             |     1 |     7 |    10 ||    18
       Ration            |       |       |     1 ||     1
Armor: Scale mail        |    89 |   212 |   126 ||   427
       Skin              |       |       |    25 ||    25
Dodge: Dodged            |    94 |   222 |   139 ||   455
Block: Shield            |       |       |    73 ||    73

Table legend:
 A = Spawn XP
 B = Non-spawn XP
 C = Spawn XP percentage of total XP
 D = Spawn monster count
 E = Non-spawn monster count
 F = Spawn count percentage of total count
 G = Total turns spent on level
                    A         B        C        D         E        F      G
               +---------+---------+-------+---------+---------+-------+---------
         Total |       0 |    3369 |   0.0 |       0 |     152 |   0.0 |  6324
               +---------+---------+-------+---------+---------+-------+---------
           D:1 |       0 |      48 |   0.0 |       0 |      25 |   0.0 |   814
           D:2 |       0 |     307 |   0.0 |       0 |      36 |   0.0 |  1613
           D:3 |       0 |     390 |   0.0 |       0 |      36 |   0.0 |   936
           D:4 |       0 |     477 |   0.0 |       0 |      24 |   0.0 |  1055
           D:5 |       0 |     497 |   0.0 |       0 |      14 |   0.0 |   860
           D:6 |       0 |     764 |   0.0 |       0 |      11 |   0.0 |   704
           D:7 |       0 |     753 |   0.0 |       0 |       5 |   0.0 |   289
        Bailey |       0 |     133 |   0.0 |       0 |       1 |   0.0 |    44
               +---------+---------+-------+---------+---------+-------+---------
